 Dungeon Crawl Stone Soup version 0.32-a0-433-g08bcfe7efd (webtiles) character file.

Game seed: 10227863911788296518

329 jasper the Slasher (level 6, -2/44 HPs)
             Began as a Coglin Warper on Feb 22, 2024.
             Was a Follower of Beogh.
             Slain by Menkaure (18 damage)
             ... on level 4 of the Dungeon.
             The game lasted 00:05:37 (2889 turns).

jasper the Slasher (Coglin Warper)                  Turns: 2889, Time: 00:05:37

Health: -2/44      AC:  5    Str: 12    XL:     6   Next: 50%
Magic:  17/17      EV: 10    Int: 14    God:    Beogh [*.....]
Gold:   95         SH:  0    Dex: 13    Spells: 1/8 levels left

rFire   . . .        a - +0 falchion {Ai}
rCold   . . .        q - +0 short sword (speed) {Hrodulf}
rNeg    . . .        m - +0 ring mail
rPois   .            (no helmet)
rElec   .            (no cloak)
rCorr   .            (no gloves)
SInv    +            (no boots)
Will    .....        (no amulet)
Stlth   +            h - ring of magical power
HPRegen 0.27/turn    j - ring of see invisible
MPRegen 0.15/turn

%: no passive effects
@: immotile, revving
A: off-hand wielding, slow wielding, warmup strikes, legs shutdown
a: Renounce Religion


You were on level 4 of the Dungeon.
You worshipped Beogh.
Beogh was aware of your devotion.
You visited 1 branch of the dungeon, and saw 4 of its levels.

You collected 212 gold pieces.
You spent 117 gold pieces at shops.

Inventory:

Hand Weapons
 a - a +0 falchion (weapon) {Ai}
 q - a +0 short sword of speed (offhand) {Hrodulf}
 r - a +0 dagger {Eunkyung}
Missiles
 d - 7 darts of dispersal
 i - 5 javelins
 n - 16 stones (quivered)
Armour
 b - a +0 leather armour
 m - a +0 ring mail (worn)
Jewellery
 h - a ring of magical power (left grasper)
 j - a ring of see invisible (right grasper)
 u - a ring of magical power
Scrolls
 c - a scroll of blinking
 e - a scroll of summoning
 k - 2 scrolls of immolation
 p - 3 scrolls of teleportation
 s - a scroll of fear
 t - a scroll of amnesia {unknown}
 w - a scroll of poison {unknown}
Potions
 f - a potion of invisibility
 g - a potion of haste
 l - a potion of enlightenment
 o - 3 potions of attraction {unknown}
 v - a potion of ambrosia {unknown}


   Skills:
 - Level 2.0 Fighting
 + Level 6.7 Long Blades
 - Level 0.8 Throwing
 - Level 0.8 Armour
 - Level 1.7 Dodging
 - Level 1.7 Spellcasting
 - Level 3.0 Translocations


You had one spell level left.
You knew the following spells:

 Your Spells              Type           Power      Damage    Failure   Level
a - Blink                 Tloc           18%        N/A       24%         2
b - Lesser Beckoning      Tloc           18%        N/A       24%         2
c - Teleport Other        Tloc           9%         N/A       43%         3

Your spell library contained the following spells:

 Spells                   Type           Power      Damage    Failure   Level
 Sublimation of Blood     Necr           1%         N/A       63%         2
 Manifold Assault         Tloc           9%         N/A       85%         4
 Vhi's Electric Charge    Tloc/Air       10%        N/A       96%         4
 Petrify                  Alch/Erth      1%         N/A       99%         4
 Irradiate                Conj/Alch      0%         3d11      100%        5


Dungeon Overview and Level Annotations

Branches:
Dungeon (4/15)
 Temple: D:4-7

Altars:

Shops:
D:1 *   D:2 ?

Annotations:
D:2 Sigmund
D:4 Menkaure


Innate Abilities, Weirdness & Mutations

You can wield a second weapon in your off-hand.
It takes a long time for you to wield or remove held weapons.
Your first few attacks do less damage.
Attacking and casting redirects power from your legs.


Message History

HP restored.
You see here a scorpion corpse.
Found a spear.
Health restored: 44
n - 16 stones (gained 6)
You now have 95 gold pieces (gained 12).
w - a scroll labelled KAAFIXEUHOE You open the door.
Menkaure, Prince of Dust comes into view.
Menkaure shouts!
There is an open door here.
Menkaure is nearby!
You close the door.
You start waiting.
Menkaure, Prince of Dust opens the door.
Menkaure closely misses you.
There is an open door here.
You hit Menkaure with your +0 short sword of speed.
Menkaure is lightly damaged.
You completely miss Menkaure with your +0 falchion.
You barely miss Menkaure with your +0 falchion.
Menkaure is lightly damaged.
You hit Menkaure with your +0 short sword of speed.
Menkaure casts a spell.
Menkaure seems to speed up.
You hit Menkaure but do no damage.
Menkaure is heavily damaged.
You hit Menkaure with your +0 short sword of speed.
Menkaure hits you!
You take 17 damage, and have 27/44 hp.
MASSIVE DAMAGE!!
You barely miss Menkaure with your +0 short sword of speed.
Menkaure is heavily damaged.
You barely miss Menkaure with your +0 falchion.
Menkaure points at you and mumbles some strange words.
Pain shoots through your body!
You take 11 damage, and have 16/44 hp.
MASSIVE DAMAGE!!
You hit Menkaure but do no damage.
Menkaure is heavily damaged.
You hit Menkaure with your +0 falchion. Menkaure hits you!!
You die...

#####.#
#.....#
#.#####
#.#####
#.....#
#####.#
#.#######.
#.#......#
#.@......+
###M.....#
......#
......#
......#
......#
......#
......#


You could see Menkaure (fast).

Vanquished Creatures
  A scorpion (D:4)
  A hound (D:4)
  An orc wizard (D:3)
  Natasha (thrice) (D:3)
  4 gnolls (D:3)
  2 adders
  A dart slug (D:2)
  3 ribbon worms
  8 orcs (D:3)
  5 bats
  3 endoplasms
  2 giant cockroaches
  8 goblins
  3 hobgoblins
  5 kobolds
  5 quokkas
  8 ball pythons
  3 frilled lizards
  6 rats
72 creatures vanquished.

Notes
Turn   | Place    | Note
-------+----------+-------------------------------------------
     0 | D:1      | jasper the Coglin Warper began the quest for the Orb.
     0 | D:1      | Reached XP level 1. HP: 16/16 MP: 3/3
    36 | D:1      | Found Lianael's General Store.
    78 | D:1      | Reached XP level 2. HP: 22/22 MP: 4/4
   104 | D:1      | Learned a level 2 spell: Blink
   107 | D:1      | Learned a level 2 spell: Lesser Beckoning
   273 | D:1      | Reached skill level 3 in Long Blades
   601 | D:1      | Reached XP level 3. HP: 20/27 MP: 5/5
  1062 | D:2      | Found Xuoseym's Magic Scroll Shoppe.
  1068 | D:2      | Bought a scroll of teleportation for 39 gold pieces
  1068 | D:2      | Bought a scroll of identify for 26 gold pieces
  1068 | D:2      | Bought a scroll of identify for 26 gold pieces
  1068 | D:2      | Bought a scroll of identify for 26 gold pieces
  1186 | D:2      | Reached skill level 4 in Long Blades
  1491 | D:2      | Noticed Sigmund
  1609 | D:3      | Reached XP level 4. HP: 30/33 MP: 6/6
  1674 | D:3      | Became a worshipper of Beogh the Shepherd
  1742 | D:3      | Noticed Natasha
  1769 | D:3      | Killed Natasha
  1980 | D:3      | Reached skill level 5 in Long Blades
  1983 | D:3      | Noticed Natasha
  1988 | D:3      | Reached XP level 5. HP: 31/38 MP: 7/7
  1997 | D:3      | Killed Natasha
  2055 | D:3      | Learned a level 3 spell: Teleport Other
  2211 | D:3      | Noticed Natasha
  2223 | D:3      | Killed Natasha
  2513 | D:3      | Reached skill level 6 in Long Blades
  2518 | D:3      | Reached * piety under Beogh
  2519 | D:3      | Reached XP level 6. HP: 38/44 MP: 8/8
  2687 | D:4      | HP: 2/44 [poisoned by a scorpion]
  2877 | D:4      | Noticed Menkaure
  2889 | D:4      | Slain by Menkaure

Illustrated notes

Levels and vault maps discovered:
D:1:      erik_arrival_blinker_ship, layout_rooms, serial_shops, shop
D:2:      layout_loops_cross, serial_shops, shop, uniq_sigmund
D:3:      layout_loops_cross, uniq_natasha
D:4:      cheibrodos_old_hovel, layout_basic, tgw_sif,
          kennysheep_generic_room_15, uniq_menkaure, uniq_ijyb, uniq_edmund,
          uniq_grinder

Skill      XL: |  1  2  3  4  5 |
---------------+----------------+-----
Long Blades    | 3 4 5 6 |  6.7
Fighting       | |  2.0
Throwing       | |  0.8
Armour         | |  0.8
Dodging        | |  1.7
Spellcasting   | |  1.7
Translocations | |  3.0

Action                     |  1- 3 |  4- 6 || total
---------------------------+-------+-------++-------
  Melee: Falchion          |   137 |   134 ||   271
         Dagger            |    28 |     7 ||    35
         Short sword       |       |   118 ||   118
  Throw: Stone             |     2 |       ||     2
 Invoke: Convert to Beogh  |       |     1 ||     1
    Use: Scroll            |     7 |       ||     7
         Potion            |       |     1 ||     1
   Stab: Sleeping          |     1 |       ||     1
         Invisible         |       |     1 ||     1
 Armour: Leather armour    |    95 |       ||    95
         Ring mail         |     3 |    72 ||    75
  Dodge: Dodged            |    83 |    50 ||   133

Table legend: (Time is in decaauts)
 A = Elapsed time spent in this place.
 B = Non-inter-level travel time spent in this place.
 C = Inter-level travel time spent in this place.
 D = Time resting spent in this place.
 E = Time spent auto-exploring this place.
 F = Levels seen in this place.
 G = Mean time per level.
                   A        B        C        D        E       F      G
               +--------+--------+--------+--------+--------+-----+--------+
         Total |   2873 |   2791 |     82 |     79 |   2107 |   4 |  718.2 |
       Dungeon |   2873 |   2791 |     82 |     79 |   2107 |   4 |  718.2 |
               +--------+--------+--------+--------+--------+-----+--------+

Top non-repeatable levels by time:
     D:3: 1082 daAuts
     D:2: 812 daAuts
     D:1: 748 daAuts
     D:4: 229 daAuts
